 Dungeon Crawl Stone Soup version 0.25-a0-366-g516bc45ae0 (webtiles) character file.

Game seed: 6777681862337630424, levelgen mode: deterministic

48979 competitivegamer the Severer (level 14, -10/193 HPs)
             Began as a Minotaur Berserker on Jan 6, 2020.
             Was a High Priest of Trog.
             Mangled by an orc knight
             ... wielding a +0 great sword
              (20 damage)
             ... on level 15 of the Dungeon.
             The game lasted 02:04:27 (22137 turns).

competitivegamer the Severer (Minotaur Berserker)  Turns: 22137, Time: 02:04:27

Health: -10/193    AC: 19    Str: 27    XL:     14   Next: 14%
Magic:  13/13      EV: 15    Int:  4    God:    Trog [*****.]
Gold:   731        SH: 14    Dex: 13    Spells: 13/13 levels left

rFire    . . .     SeeInvis +   T - +2 morningstar (protect)
rCold    . . .     Gourm    .   I - +0 shield
rNeg     . . .     Faith    .   a - +0 scale mail {MR+}
rPois    +         Spirit   .   (helmet restricted)
rElec    .         Reflect  +   N - scarf {cloud immunity}
rCorr    .         Harm     .   B - +1 pair of gloves
MR       ++...                  (no boots)
Stlth    ..........             V - +4 amulet of reflection
HPRegen  0.42/turn              t - ring of see invisible
MPRegen  0.13/turn              i - ring of poison resistance

@: berserking (expiring), protection aura, very quick
A: retaliatory headbutt, horns 2, see invisible, clumsy 1
a: Berserk, Trog's Hand, Brothers in Arms, Renounce Religion


You were on level 15 of the Dungeon.
You worshipped Trog.
Trog was extremely pleased with you.
You were not hungry.

You visited 2 branches of the dungeon, and saw 16 of its levels.
You also visited: Sewer.

You collected 903 gold pieces.
You spent 172 gold pieces at shops.

Inventory:

Hand Weapons
 n - a +1 antimagic great mace
 s - a +6 hunting sling
 K - a +1 antimagic executioner's axe
 T - a +2 morningstar of protection (weapon)
Missiles
 q - 142 sling bullets
Armour
 a - a +0 scale mail of magic resistance (worn)
 B - a +1 pair of gloves (worn)
 I - a +0 shield (worn)
 N - a scarf of cloud immunity (worn)
Jewellery
 e - an uncursed ring of stealth
 i - a ring of poison resistance (right hand)
 t - a ring of see invisible (left hand)
 x - an uncursed amulet of harm
 V - a +4 amulet of reflection (around neck)
Wands
 d - a wand of random effects (18)
Scrolls
 g - 9 scrolls of teleportation
 k - 4 scrolls of fog
 o - 4 scrolls of amnesia
 r - 2 scrolls of magic mapping
 u - a scroll of random uselessness {unknown}
 y - 5 scrolls of remove curse
 A - a scroll of blinking {unknown}
 C - 4 scrolls of immolation
 H - a scroll of enchant weapon {unknown}
 M - a scroll of fear {unknown}
 O - a scroll of noise {unknown}
 Q - a scroll of acquirement {unknown}
 R - a scroll of identify
Potions
 f - a potion of mutation
 h - 6 potions of flight
 l - a potion of berserk rage {unknown}
 m - 2 potions of might
 v - 3 potions of curing
 w - 2 potions of degeneration {unknown}
 E - 3 potions of agility
 F - a potion of brilliance {unknown}
 L - 2 potions of lignification
 P - 2 potions of haste
 S - 2 potions of magic
 U - a potion of heal wounds
Comestibles
 b - 3 chunks of flesh
 c - 11 rations


   Skills:
 + Level 13.1 Fighting
 + Level 15.8(16.9) Axes
 * Level 10.7(14.4) Maces & Flails
 + Level 12.8 Armour
 + Level 12.0 Dodging
 + Level 3.3 Shields


You had 13 spell levels left.
You didn't know any spells.
Your spell library was empty.

Dungeon Overview and Level Annotations

Branches:
Dungeon (15/15)            Temple (0/1) D:6            Lair (1/6) D:8
    Orc (0/2) D:10         Vaults (0/5) D:13          Sewer (visited)
 Depths: D:15

Altars:
Cheibriados
Dithmenos
Fedhas
Gozag
Hepliaklqana
Kikubaaqudgha
Makhleb
Nemelex Xobeh
Ru
Vehumet
Yredelemnul
Zin
The Shining One
Jiyva

Shops:
D:5 :(*(


Innate Abilities, Weirdness & Mutations

You reflexively headbutt those who attack you in melee.
You have a pair of horns on your head.
You have supernaturally acute eyesight. (SInv)
You are clumsy. (Dex -2)


Message History

You pound the boggart like an anvil!!!
You kill the boggart!
Trog accepts your kill.
Trog appreciates your killing of a magic user.
The two-headed ogre dissolves into shadows!
The kobold demonologist dissolves into shadows!
The big kobold dissolves into shadows! x2; The kobold dissolves into shadows!
The big kobold dissolves into shadows!
You block the orc sorcerer's attack. The troll bites you but does no damage.
The troll claws you.
* * * LOW HITPOINT WARNING * * *
The troll barely misses you. The orc warrior barely misses you.
You furiously retaliate!
You headbutt the orc warrior. The centaur warrior barely misses you.
The two-headed ogre hits you with a +0 giant club!
* * * LOW HITPOINT WARNING * * *
The two-headed ogre hits you with a +0 dire flail!
* * * LOW HITPOINT WARNING * * *
You barely miss the centaur.
The orc knight hits you with a +0 great sword!!
You die...

'##.# #.........
....####### #......#
....##....###......#
..+..').....'......+
..####.....##......#
# ..#
#.....##......##.#
.(#
#.....######.....#
#.#
####...##.c.c...##
#.# #...##gO@o...# #
#...##.ooT.ยง.#
#...##..3....#
#.<.##.......#
#...##.........
#...##.......<..
#...############


You could see an orc knight, a centaur warrior, a two-headed ogre, a troll, a
neqoxec, an orc sorcerer, an orc warrior, a centaur and a boggart (invisible).

Vanquished Creatures
  Rupert (D:15)
  Gastronok (D:9)
  Agnes (D:15)
  Snorg (D:11)
  Harold (D:7)
  A hydra (D:12)
  A rakshasa (D:13)
  3 vault guards (D:13)
  An ogre mage (D:12)
  8 two-headed ogres
  5 centaur warriors
  3 unseen horrors
  Pikel (D:5)
  A deep elf mage (D:13)
  2 orc knights (D:13)
  2 cyclopes
  3 ugly things
  5 manticores
  3 gargoyles
  A komodo dragon (Lair:1)
  3 tengu conjurers
  4 trolls
  The ghost of topfpfpflanze the Skirmisher, an amateur DsFi of Qazlal (D:6)
  A hornet (D:15)
  9 slime creatures (D:12)
  5 hippogriffs
  Prince Ribbit (D:5)
  Sigmund (D:5)
  A shadow (D:14)
  2 wyverns
  A human (D:13)
  18 yaks
  A water elemental (D:14)
  Eustachio (D:5)
  4 hungry ghosts
  A vampire mosquito (D:12)
  A warg (D:10)
  3 water moccasins
  2 soldier ants
  12 orc warriors
  6 ice beasts
  6 sky beasts
  3 necrophages
  4 slaves (D:5)
  2 eyes of draining
  2 black bears
  4 ogres
  3 boggarts (D:15)
  2 phantoms
  14 centaurs
  3 crocodiles
  3 big kobolds
  9 bullfrogs
  A gnoll sergeant (D:8)
  4 killer bees (D:7)
  2 scorpions
  12 wights
  2 spriggan skeletons (D:13)
  10 electric eels
  8 howler monkeys
  6 crimson imps
  11 orc priests
  3 bullfrog zombies
  3 centaur zombies
  6 jellies
  6 bullfrog skeletons
  6 hounds
  6 centaur skeletons
  12 orc wizards
  5 iguanas
  6 worker ants
  A killer bee zombie (D:8)
  A hound skeleton (D:10)
  A worker ant zombie (D:11)
  5 gnolls
  2 howler monkey zombies (D:6)
  15 adders
  8 river rats (Sewer)
  7 shadow imps
  7 oozes
  An adder skeleton (D:4)
  3 worms
  3 dart slugs
  10 leopard geckos
  63 orcs
  8 bats
  10 giant cockroaches
  6 goblins
  6 hobgoblins
  12 jackals
  3 quokkas
  9 ball pythons
  7 frilled lizards
  A jackal skeleton (D:8)
  28 kobolds
  2 quokka skeletons
  26 rats
  6 plants
538 creatures vanquished.

Vanquished Creatures (collateral kills)
  A centaur warrior (D:13)
  A basilisk (D:12)
  A yak (D:13)
  A scorpion (D:11)
  A worker ant (D:11)
  3 gnolls (D:8)
8 creatures vanquished.

Vanquished Creatures (others)
  Nessos (D:15)
  An orc (D:14)
  A plant (D:8)
3 creatures vanquished.

Grand Total: 549 creatures vanquished

Notes
Turn   | Place    | Note
-------+----------+-------------------------------------------
     0 | D:1      | competitivegamer the Minotaur Berserker began the quest for
                  | the Orb.
     0 | D:1      | Reached XP level 1. HP: 19/19 MP: 0/0
   292 | D:1      | Reached XP level 2. HP: 25/27 MP: 1/1
   330 | D:1      | Reached skill level 4 in Axes
   517 | D:1      | Found a snail-covered altar of Cheibriados.
  1046 | D:2      | Reached XP level 3. HP: 33/33 MP: 2/2
  1179 | D:2      | Reached ** piety under Trog
  1327 | D:2      | Reached XP level 4. HP: 35/40 MP: 3/3
  1692 | D:2      | Found a shadowy altar of Dithmenos.
  1693 | D:2      | Reached skill level 5 in Axes
  1959 | D:3      | Reached XP level 5. HP: 46/47 MP: 4/4
  2607 | D:4      | You fall into a shaft and drop 1 floor!
  2607 | D:5      | Entered Level 5 of the Dungeon
  2876 | D:4      | Reached skill level 1 in Maces & Flails
  2880 | D:4      | Reached *** piety under Trog
  2880 | D:4      | Reached XP level 6. HP: 55/55 MP: 5/5
  3170 | D:4      | Reached skill level 5 in Fighting
  3260 | D:5      | Noticed Sigmund
  3267 | D:5      | Killed Sigmund
  3267 | D:5      | Reached skill level 6 in Axes
  3267 | D:5      | Reached XP level 7. HP: 61/61 MP: 6/6
  3322 | D:5      | Found a shadowy altar of Dithmenos.
  3336 | D:5      | Noticed Pikel
  3360 | D:5      | Killed Pikel
  3360 | D:5      | Reached skill level 5 in Armour
  3360 | D:5      | Reached skill level 5 in Dodging
  3360 | D:5      | Reached XP level 8. HP: 70/70 MP: 7/7
  3398 | D:5      | Gained mutation: You are clumsy. (Dex -2) [potion of
                  | mutation]
  3398 | D:5      | Gained mutation: You have supernaturally acute eyesight.
                  | (SInv) [potion of mutation]
  3427 | D:5      | Found Setakao's Weapon Shoppe.
  3431 | D:5      | Bought a +1 mace of crushing for 172 gold pieces
  3441 | D:5      | Noticed Prince Ribbit
  3448 | D:5      | Killed Prince Ribbit
  3448 | D:5      | Reached skill level 7 in Axes
  3630 | D:5      | Found Jeedeemn's Assorted Antiques.
  3705 | D:5      | Noticed Eustachio
  3715 | D:5      | Killed Eustachio
  3715 | D:5      | Reached skill level 5 in Maces & Flails
  3759 | D:5      | Found Plog's Antique Weapon Emporium.
  4430 | D:5      | Found Kal Zona's Book Shoppe.
  4608 | D:6      | Found a glowing drain.
  4632 | Sewer    | Entered a sewer
  4794 | Sewer    | Reached **** piety under Trog
  4839 | Sewer    | Reached XP level 9. HP: 79/79 MP: 8/8
  5466 | D:6      | Found a runed translucent door.
  5471 | D:6      | Noticed topfpfpflanze's ghost (amateur DsFi)
  5485 | D:6      | Killed topfpfpflanze's ghost
  5521 | D:6      | Found a staircase to the Ecumenical Temple.
  5713 | D:6      | Reached skill level 8 in Axes
  5723 | D:6      | Found a radiant altar of Vehumet.
  7089 | D:7      | Noticed Harold
  7106 | D:7      | Killed Harold
  7106 | D:7      | Reached XP level 10. HP: 88/88 MP: 9/9
  7123 | D:7      | Reached ***** piety under Trog
  7123 | D:7      | Received a gift from Trog
  7544 | D:7      | Found an ancient bone altar of Kikubaaqudgha.
  7928 | D:8      | Reached skill level 9 in Axes
  8335 | D:8      | Found a sparkling altar of Nemelex Xobeh.
  8336 | D:8      | Found a sacrificial altar of Ru.
  8336 | D:8      | Found a glowing golden altar of the Shining One.
  9147 | D:8      | Found an opulent altar of Gozag.
  9147 | D:8      | Found a basalt altar of Yredelemnul.
  9570 | D:8      | Found a burning altar of Makhleb.
  9592 | D:8      | Found a viscous altar of Jiyva.
  9626 | D:8      | Found a glowing silver altar of Zin.
  9626 | D:8      | Noticed a balrug
  9626 | D:8      | Noticed an angel
  9646 | D:8      | Found a staircase to the Lair.
  9698 | D:8      | Found a snail-covered altar of Cheibriados.
  9699 | D:8      | Found a hazy altar of Hepliaklqana.
  9745 | D:9      | Found a blossoming altar of Fedhas.
  9815 | D:9      | Found a blossoming altar of Fedhas.
  9847 | D:9      | Reached skill level 10 in Axes
  9890 | D:9      | Noticed Gastronok
  9901 | D:9      | Killed Gastronok
  9901 | D:9      | Reached XP level 11. HP: 75/97 MP: 3/10
 10490 | D:9      | Reached skill level 11 in Axes
 10663 | D:9      | Got a warped leather armour
 11018 | D:10     | Entered Level 10 of the Dungeon
 11069 | D:10     | Received a gift from Trog
 11435 | D:10     | Found a staircase to the Orcish Mines.
 11454 | D:10     | Reached skill level 10 in Fighting
 12442 | Lair:1   | Entered Level 1 of the Lair of Beasts
 12836 | D:11     | Reached skill level 12 in Axes
 12843 | D:11     | Noticed a two-headed ogre
 12849 | D:11     | Reached skill level 10 in Armour
 12851 | D:11     | Killed a two-headed ogre
 12939 | D:11     | Received a gift from Trog
 13268 | D:11     | Noticed a centaur warrior
 13268 | D:11     | Noticed a centaur warrior
 13275 | D:11     | Killed a centaur warrior
 13277 | D:11     | Reached XP level 12. HP: 108/108 MP: 3/11
 13542 | D:11     | Killed a centaur warrior
 13542 | D:11     | Reached skill level 13 in Axes
 13921 | D:11     | Noticed Snorg
 13927 | D:11     | Killed Snorg
 13927 | D:11     | Reached skill level 10 in Dodging
 15277 | D:12     | Noticed a two-headed ogre
 15278 | D:12     | Noticed a two-headed ogre
 15279 | D:12     | Noticed a two-headed ogre
 15280 | D:12     | Noticed a two-headed ogre
 15281 | D:12     | Noticed an ogre mage
 15283 | D:12     | Killed a two-headed ogre
 15286 | D:12     | Killed a two-headed ogre
 15288 | D:12     | Killed a two-headed ogre
 15288 | D:12     | Reached skill level 14 in Axes
 15291 | D:12     | Killed an ogre mage
 15294 | D:12     | Killed a two-headed ogre
 16327 | D:12     | Noticed a two-headed ogre
 16736 | D:12     | Reached XP level 13. HP: 118/118 MP: 4/12
 17526 | D:13     | Reached skill level 15 in Axes
 18225 | D:13     | Received a gift from Trog
 19047 | D:13     | Found a gate to the Vaults.
 19903 | D:13     | Reached skill level 1 in Shields
 20225 | D:13     | Reached skill level 10 in Maces & Flails
 21258 | D:15     | Entered Level 15 of the Dungeon
 21258 | D:15     | Noticed Agnes
 21273 | D:15     | Killed Agnes
 21273 | D:15     | Reached XP level 14. HP: 33/129 MP: 13/13
 21664 | D:15     | Noticed Nessos
 21674 | D:15     | Killed Nessos
 22025 | D:15     | Noticed Rupert
 22036 | D:15     | Killed Rupert
 22133 | D:15     | Received a gift from Trog
 22137 | D:15     | Mangled by an orc knight

Levels and vault maps discovered:
D:1:      dpeg_arrival_arbitrary_a, layout_basic, minivault_19,
          minmay_stone_trees_small, serial_bayou_pond_c, cheibriados_altar_1
D:2:      layout_rooms, lemuel_coloured_pillars_altar, wad_floor_pattern_1,
          serial_bayou_pond_b, serial_bayou_ford_a
D:3:      layout_loops_ring, hangedman_decor_peaks_small
D:4:      layout_basic, first_ration
D:5:      layout_loops_ring, serial_shops, shop, nicolae_shop_crystal,
          nicolae_shop_trees, nicolae_shop_stone, kennysheep_doodads,
          nicolae_dithmenos_the_darkroom, uniq_prince_ribbit1, uniq_pikel,
          uniq_sigmund, uniq_eustachio
D:6:      layout_basic, vehumet_crystals, minmay_temple_entry_grid,
          portal_sewer_entry_f, ebering_ghost_sewer_d
D:7:      layout_loops_ring, old_standard_altar, feat_on_display, uniq_harold
D:8:      layout_cave_pools, grunt_temple_overflow_order_and_chaos_2,
          gammafunk_temple_overflow_wave,
          chequers_temple_overflow_statue_of_worship,
          gammafunk_temple_overflow_statue, lair_entry_dummy, serial_bayou,
          serial_bayou_pond_c, serial_bayou_shore_a, serial_bayou_lake_a,
          serial_bayou_shore_b, hangedman_little_slice_of_home
D:9:      layout_rooms, fedhas_altar_2, basic_altar, serial_co_window_serial,
          co_window_paths_a, co_window_of_opportunity_a, co_window_paths_b,
          co_window_paths_b, co_window_corner_a, co_window_paths_a,
          co_window_paths_a, co_window_corner_b, co_window_corner_b,
          co_window_broadway_b, co_window_of_opportunity_c, co_window_paths_e,
          glass_columns_b, glass_columns_b, uniq_gastronok
D:10:     layout_roguey, erik_orc_4
D:11:     layout_basic, minmay_shattered_shrine, uniq_snorg
D:12:     layout_irregular_city, minmay_checkerbox
D:13:     layout_grid_maze, grunt_vaults_entry_fortified,
          hangedman_tell_no_tales
D:14:     layout_big_octagon, minmay_crystal_room, serial_bayou_lagoon_b
D:15:     gammafunk_depths_entry_grave, layout_basic, minmay_splitting_lines,
          palyth_stone_intersect, nrook_mini_vaults, uniq_kirke, uniq_rupert,
          uniq_agnes, uniq_nessos, uniq_louise
Lair:1:   layout_regular_city, lemuel_fruit_tree, minmay_lair_oklob_chamber,
          serial_bayou_shore_b

Skill      XL: |  1  2  3  4  5  6  7  8  9 10 11 12 13 14 |
---------------+-------------------------------------------+-----
Axes           | 4 5 6 7 8 10 12 14 15 | 15.8
Fighting       | 4 5 6 7 8 9 10 12 13 | 13.1
Armour         | 3 4 5 6 7 9 10 11 12 | 12.8
Dodging        | 3 4 5 7 8 9 10 11 12 | 12.0
Maces & Flails | 1 2 3 6 8 9 10 | 10.7
Shields        | 2 3 |  3.3

Action                   |  1- 3 |  4- 6 |  7- 9 | 10-12 | 13-15 || total
-------------------------+-------+-------+-------+-------+-------++-------
Melee: Hand axe          |    74 |    96 |    17 |       |       ||   187
       Headbutt          |    10 |    24 |    33 |   123 |    86 ||   276
       Mace              |       |       |   244 |    31 |       ||   275
       Executioner's axe |       |       |       |   488 |    16 ||   504
       Morningstar       |       |       |       |       |   216 ||   216
       Great mace        |       |       |       |       |    78 ||    78
 Fire: Hunting sling     |       |       |       |       |    18 ||    18
Invok: Berserk           |     1 |     4 |    12 |    22 |    12 ||    51
       Trog's Hand       |       |       |     1 |     2 |       ||     3
       Brothers in Arms  |       |       |       |     3 |     2 ||     5
  Use: Scroll            |       |     2 |     4 |    10 |     3 ||    19
       Potion            |       |       |     5 |     8 |     1 ||    14
 Stab: Distracted        |       |       |     2 |       |     1 ||     3
       Sleeping          |       |       |       |     1 |       ||     1
  Eat: Chunk             |     2 |     9 |    15 |    22 |    17 ||    65
       Ration            |       |       |     3 |    10 |     4 ||    17
Armor: Animal skin       |    21 |    19 |    59 |    11 |       ||   110
       Scale mail        |       |       |       |   180 |   123 ||   303
Dodge: Dodged            |    46 |    66 |   199 |   500 |   226 ||  1037
Block: Shield            |       |       |       |       |    89 ||    89
       Reflection        |       |       |       |       |     7 ||     7

Table legend:
 A = Non-vault XP
 B = Vault XP
 C = Vault XP percentage of total XP
 D = Non-vault monster count
 E = Vault monster count
 F = Vault count percentage of total count
                 A         B        C        D         E       F
            +---------+---------+-------+---------+---------+-------
      Total |   46093 |   23878 |  34.1 |     410 |     127 |  23.6
            +---------+---------+-------+---------+---------+-------
        D:1 |      35 |       0 |   0.0 |      21 |       0 |   0.0
        D:2 |     119 |      19 |  13.8 |      22 |       6 |  21.4
        D:3 |      85 |       0 |   0.0 |      24 |       0 |   0.0
        D:4 |     291 |       0 |   0.0 |      14 |       0 |   0.0
        D:5 |     407 |    1328 |  76.5 |      13 |       4 |  23.5
        D:6 |     771 |     416 |  35.0 |      15 |      10 |  40.0
        D:7 |    1305 |    1060 |  44.8 |      38 |       1 |   2.6
        D:8 |    2444 |     167 |   6.4 |      37 |       8 |  17.8
        D:9 |    1820 |    2265 |  55.4 |      20 |       1 |   4.8
       D:10 |    2525 |     402 |  13.7 |      35 |      13 |  27.1
       D:11 |    5826 |    4408 |  43.1 |      48 |      12 |  20.0
       D:12 |   13317 |     834 |   5.9 |      50 |       4 |   7.4
       D:13 |   11342 |    6671 |  37.0 |      46 |      17 |  27.0
       D:14 |    4751 |       0 |   0.0 |      21 |       0 |   0.0
       D:15 |     688 |    6028 |  89.8 |       5 |       3 |  37.5
     Lair:1 |     367 |       0 |   0.0 |       1 |       0 |   0.0
      Sewer |       0 |     280 | 100.0 |       0 |      48 | 100.0
            +---------+---------+-------+---------+---------+-------
